 Dungeon Crawl Stone Soup version 0.31-a0-1202-ga8fea8b373 (webtiles) character file.

Game seed: 14648902255507827834

13493 senseless the Nimble (level 12, -12/79 HPs)
             Began as a Djinni Fire Elementalist on Dec 12, 2023.
             Was a Priest of Qazlal.
             Mangled by a skeletal warrior
             ... wielding a +0 glaive
              (23 damage)
             ... on level 12 of the Dungeon.
             The game lasted 00:46:37 (11196 turns).

senseless the Nimble (Djinni Fire Elementalist)    Turns: 11196, Time: 00:46:38

Health: -12/79     AC:  9    Str:  7    XL:     12   Next: 33%
Gold:   30         EV: 35    Int: 31    God:    Qazlal [***...] SH:  3 Dex: 18

rFire   + + .        G - +5 long sword (spect)
rCold   x . .        (no shield)
rNeg    + . .        B - +1 robe of Analysis {rPois Will+ Slay-6}
rPois   ∞            i - +0 helmet
rElec   .            e - +2 cloak
rCorr   .            O - +1 pair of gloves
SInv    .            (boots unavailable)
Will    ++...        L - amulet of Okawaru's Condemnation {Acrobat Regen+ Int+4}
Stlth   ++++         u - ring "Naetagu" {rN+ Int+6 Dex+3 Stlth+}
HPRegen 1.13/turn    b - ring of wizardry
MPRegen 0.00/turn

%: acrobat, wizardry (x1), infuse magic (-13 HP)
@: acrobatic, flying
A: sickness immunity, fire resistance 2, cold vulnerability 1, float, innate
caster, HP casting, extra vitality 1
a: Renounce Religion, Upheaval, Elemental Force


You were on level 12 of the Dungeon.
You worshipped Qazlal.
Qazlal was most pleased with you.
You visited 2 branches of the dungeon, and saw 13 of its levels.

You collected 686 gold pieces.
You spent 656 gold pieces at shops.

Inventory:

Hand Weapons
 G - a +5 spectral long sword (weapon)
Missiles
 c - 52 poisoned darts
 K - 2 curare-tipped darts
Armour
 a - a +0 robe
 e - a +2 cloak (worn)
 h - a +0 leather armour
 i - a +0 helmet (worn)
 m - a +0 kite shield
 n - a +1 pair of gloves
 y - +0 swamp dragon scales
 B - the +1 robe of Analysis (worn) {rPois Will+ Slay-6}
   (You found it on level 7 of the Dungeon)

   Slay-6:    It affects your accuracy & damage with ranged weapons and melee
   (-6).
   rPois:     It protects you from poison Will+: It increases your willpower.
 O - a +1 pair of gloves (worn)
Jewellery
 b - a ring of wizardry (right hand)
 g - a ring of see invisible
 u - the ring "Naetagu" (left hand) {rN+ Int+6 Dex+3 Stlth+}
   (You acquired it on level 6 of the Dungeon)

   [ring of intelligence]

   Int+6:     It affects your intelligence (+6).
   Dex+3:     It affects your dexterity (+3).
   rN+:       It protects you from negative energy.
   Stlth+:    It makes you more stealthy.
 I - an amulet of regeneration
 J - a ring of protection from cold
 L - the amulet of Okawaru's Condemnation (around neck) {Acrobat Regen+ Int+4}
   (You bought it in a shop on level 12 of the Dungeon)

   [amulet of the acrobat]

   Acrobat:   It increases your evasion while moving and waiting.
   Int+4:     It affects your intelligence (+4).
   Regen+:    It increases your rate of health regeneration.
Talismans
 j - a maw talisman
Wands
 l - a wand of polymorph (7)
 p - a wand of flame (9)
 q - a wand of charming (18)
 D - a wand of quicksilver (15)
 H - a wand of roots (8)
Scrolls
 k - 4 scrolls of teleportation
 w - 3 scrolls of fog
 A - 2 scrolls of enchant weapon
 C - 2 scrolls of fear
 F - a scroll of vulnerability
Potions
 d - 3 potions of brilliance
 f - 2 potions of enlightenment
 o - 2 potions of cancellation
 r - 3 potions of curing
 s - 2 potions of haste
 t - 4 potions of heal wounds
 v - 2 potions of lignification
 x - a potion of berserk rage
 z - 3 potions of invisibility
 E - 2 potions of might
 M - a potion of attraction
 N - a potion of degeneration {unknown}


   Skills:
 + Level 4.3 Fighting
 + Level 4.0 Long Blades
 * Level 12.3 Dodging
 + Level 9.5 Stealth
 * Level 8.0 Spellcasting
 * Level 8.0 Conjurations
 * Level 8.0 Hexes
   Level 0.0 Charms
 * Level 8.0 Summonings
 * Level 8.0 Necromancy
 * Level 8.0 Translocations
 * Level 8.0 Transmutations
 * Level 8.0 Fire Magic
 * Level 8.0 Ice Magic
 * Level 8.0 Air Magic
 * Level 8.0 Earth Magic
 * Level 8.0 Poison Magic


You knew the following spells:

 Your Spells              Type           Power      Damage    Failure   Level
a - Foxfire               Conj/Fire      100%       2x1d9     1%          1
b - Scorch                Fire           100%       2d9       1%          2
c - Volatile Blastmotes   Fire/Tloc      100%       2d18      1%          3
d - Inner Flame           Hex/Fire       58%        N/A       1%          3
e - Flame Wave            Conj/Fire      58%        2d14      1%          4
f - Kiss of Death         Conj/Necr      100%       2d13      1%          1
g - Wereblood             Tmut           58%        N/A       1%          2
h - Jinxbite              Hex            100%       N/A       1%          2
i - Animate Armour        Summ/Erth      100%       N/A       1%          4
j - Leda's Liquefaction   Hex/Erth       29%        N/A       1%          4
Your spell library was empty.

Dungeon Overview and Level Annotations

Branches:
Dungeon (12/15)            Temple (1/1) D:5            Lair (0/5) D:10
    Orc (0/2) D:10

Altars:
Ashenzari
Cheibriados
Dithmenos
Elyvilon
Fedhas
Gozag
Hepliaklqana
Makhleb
Nemelex Xobeh
Okawaru
Qazlal
Ru
Trog
Uskayaw
Wu Jian
Xom
Yredelemnul
Zin
The Shining One

Shops:
D:4 !   D:12 (:=

Annotations:
D:11 1 runed translucent door


Innate Abilities, Weirdness & Mutations

You are immune to sickness and miasma.
You are immune to poison.
Your flesh is very heat resistant. (rF++)
You are vulnerable to cold. (rC-)
You float through the air rather than walking.
You learn spells naturally, not from books.
Your magical power is your life essence.
You have superior vitality. (+4 MHP)


Message History

The skeletal warrior closely misses you.
Casting: Flame Wave (mildly dangerous; 1% risk of failure)
Confirm with . or Enter, or press ? or * to list all spells.
Flames lash the skeletal warrior.
The skeletal warrior is moderately damaged.
The skeletal warrior's fire resistance burns away.
The skeletal warrior barely misses you.
The skeletal warrior hits you with a +0 scimitar!!
* * * LOW HITPOINT WARNING * * *
The skeletal warrior attacks as it pursues you!
You block the skeletal warrior's attack.
As you read the scroll of teleportation, it crumbles to dust.
You feel strangely unstable.
You block the skeletal warrior's attack.
The skeletal warrior closely misses you.
The skeletal warrior attacks as it pursues you!
The skeletal warrior completely misses you.
The skeletal warrior is no longer more vulnerable to fire.
The skeletal warrior attacks as it pursues you!
The skeletal warrior hits you with a +0 scimitar!
* * * LOW HITPOINT WARNING * * *
Your surroundings suddenly seem different.
A skeletal warrior comes into view. It is wielding a +0 glaive.
The skeletal warrior moves out of view.
You start resting.
A skeletal warrior comes into view. It is wielding a +0 war axe.
The skeletal warrior misses you.
The skeletal warrior attacks as it pursues you!
The skeletal warrior hits you from afar with a +0 glaive!
The skeletal warrior hits you from afar with a +0 glaive.
* * * LOW HITPOINT WARNING * * *
The skeletal warrior attacks as it pursues you!
The skeletal warrior hits you from afar with a +0 glaive!
* * * LOW HITPOINT WARNING * * *
The skeletal warrior attacks as it pursues you!
The skeletal warrior hits you from afar with a +0 glaive!
* * * LOW HITPOINT WARNING * * *
The skeletal warrior attacks as it pursues you!
The skeletal warrior hits you from afar with a +0 glaive!!
You die...

## #...#..............#.
#.##.................###
#...................## #
##.................##
#.##................## #
#.........z..........###
####....○.............#.
#.#....○.........∩.....
#<...@.z..............
#.....................
#..#..................
####..................
####.................#.
##.##........^.......###
#.#.#.##............## #
###.^####..........##
#...#[............## #


You could see 2 skeletal warriors.

Vanquished Creatures
  Erolcha (D:11)
  Pikel (D:3)
  2 ugly things
  A manticore (D:9)
  2 cyclopes
  Joseph (D:9)
  Maurice (D:8)
  4 gargoyles
  Maggie (D:6)
  2 kobold demonologists
  Jeremiah (D:7)
  Psyche (D:9)
  2 trolls
  2 shadows
  A wyvern (D:9)
  A wraith (D:10)
  5 yaks (D:11)
  A steam dragon (D:8)
  Eustachio (D:6)
  3 wargs (D:10)
  Edmund (D:5)
  A sky beast (D:7)
  An orc warrior (D:9)
  An ice beast (D:6)
  A black bear (D:7)
  6 centaurs
  2 ogres
  A lemure (D:4)
  Blork the orc (D:6)
  4 kobold brigands
  A gnoll sergeant (D:10)
  7 bullfrogs
  3 scorpions
  15 wights
  17 killer bees
  4 howler monkeys (D:8)
  8 hounds
  7 orc priests
  4 jellies
  6 iguanas
  13 orc wizards
  4 gnolls (D:10)
  6 adders
  2 shadow imps
  2 ufetubi (D:5)
  A dart slug (D:2)
  36 orcs
  4 ball pythons (D:1)
  11 bats
  8 endoplasms
  2 giant cockroaches
  9 goblins
  3 hobgoblins (D:2)
  A jackal (D:2)
  28 kobolds
  6 quokkas
  5 frilled lizards
  7 rats
273 creatures vanquished.

Vanquished Creatures (others)
  1176 foxfires
1176 creatures vanquished.

Grand Total: 1449 creatures vanquished

Notes
Turn   | Place    | Note
-------+----------+-------------------------------------------
     0 | D:1      | senseless the Djinni Fire Elementalist began the quest for
                  | the Orb.
     0 | D:1      | senseless set off with the following spells memorised:
                  | Foxfire, Scorch, Volatile Blastmotes, Inner Flame, Flame
                  | Wave.
     0 | D:1      | Reached XP level 1. HP: 15/15 MP: 0/0
    47 | D:1      | Reached XP level 2. HP: 18/21 MP: 0/0
   195 | D:1      | Reached XP level 3. HP: 23/25 MP: 0/0
   195 | D:1      | Learned a level 1 spell: Kiss of Death
   972 | D:2      | Reached skill level 3 in Dodging
  1196 | D:2      | Reached XP level 4. HP: 27/31 MP: 0/0
  2401 | D:3      | Found a sparkling altar of Nemelex Xobeh.
  2652 | D:4      | Reached XP level 5. HP: 27/35 MP: 0/0
  2652 | D:4      | Learned a level 2 spell: Wereblood
  2817 | D:4      | Noticed a lemure
  2822 | D:4      | Noticed a lemure
  2823 | D:4      | Noticed Pikel
  2824 | D:4      | Noticed a lemure
  2825 | D:4      | Killed a lemure
  2825 | D:4      | Noticed a lemure
  2850 | D:3      | Killed Pikel
  2851 | D:3      | Reached skill level 5 in Dodging
  2851 | D:3      | Reached XP level 6. HP: 5/40 MP: 0/0
  2851 | D:3      | Reached XP level 7. HP: 6/45 MP: 0/0
  2851 | D:3      | Learned a level 2 spell: Jinxbite
  3201 | D:4      | Reached XP level 8. HP: 46/50 MP: 0/0
  3394 | D:4      | Found Plog's Distillery.
  3402 | D:4      | Bought a potion of curing for 42 gold pieces
  3402 | D:4      | Bought a potion of heal wounds for 70 gold pieces
  3411 | D:4      | Reached skill level 6 in Dodging
  3642 | D:5      | Entered Level 5 of the Dungeon
  3649 | D:5      | Reached skill level 5 in Stealth
  3751 | D:5      | Noticed Edmund
  3761 | D:5      | Killed Edmund
  4034 | D:5      | Found a staircase to the Ecumenical Temple.
  4118 | Temple   | Entered the Ecumenical Temple
  4262 | D:5      | Reached skill level 7 in Dodging
  4738 | D:6      | Reached skill level 5 in Spellcasting
  4738 | D:6      | Reached skill level 5 in Conjurations
  4738 | D:6      | Reached skill level 5 in Hexes
  4738 | D:6      | Reached skill level 5 in Summonings
  4738 | D:6      | Reached skill level 5 in Necromancy
  4738 | D:6      | Reached skill level 5 in Translocations
  4738 | D:6      | Reached skill level 5 in Transmutations
  4738 | D:6      | Reached skill level 5 in Fire Magic
  4738 | D:6      | Reached skill level 5 in Ice Magic
  4738 | D:6      | Reached skill level 5 in Air Magic
  4738 | D:6      | Reached skill level 5 in Earth Magic
  4738 | D:6      | Reached skill level 5 in Poison Magic
  4738 | D:6      | Identified a scroll of acquirement
  4738 | D:6      | Acquired the ring "Naetagu" {rN+ Int+6 Dex+3 Stlth+}
  4793 | D:5      | Reached XP level 9. HP: 39/55 MP: 0/0
  4793 | D:5      | Learned a level 4 spell: Animate Armour
  4926 | D:6      | Noticed Blork the orc
  4932 | D:6      | Killed Blork the orc
  5229 | D:6      | Found a snail-covered altar of Cheibriados.
  5356 | D:6      | Reached skill level 8 in Dodging
  5424 | D:6      | Found a bloodstained altar of Trog.
  5427 | D:6      | Noticed Eustachio
  5434 | D:6      | Killed Eustachio
  5649 | D:6      | Noticed Maggie
  5659 | D:6      | Killed Maggie
  5987 | D:7      | Found a stormy altar of Qazlal.
  6012 | D:7      | Became a worshipper of Qazlal Stormbringer
  6120 | D:7      | Reached XP level 10. HP: 55/60 MP: 0/0
  6196 | D:7      | Reached skill level 9 in Dodging
  6386 | D:7      | Found a sacrificial altar of Ru.
  6430 | D:7      | Identified the +1 robe of Analysis {rPois Will+ Slay-6}
  6685 | D:7      | Noticed Jeremiah
  6693 | D:7      | Killed Jeremiah
  7024 | D:8      | Noticed Maurice
  7036 | D:8      | Killed Maurice
  7320 | D:8      | Reached skill level 10 in Dodging
  7361 | D:8      | Reached * piety under Qazlal
  8327 | D:9      | Reached skill level 1 in Fighting
  8328 | D:9      | Reached skill level 1 in Long Blades
  8330 | D:9      | Reached XP level 11. HP: 57/67 MP: 0/0
  8330 | D:9      | Learned a level 4 spell: Leda's Liquefaction
  8425 | D:9      | Noticed Psyche
  8426 | D:9      | Noticed a manticore
  8433 | D:9      | Killed Psyche
  8437 | D:9      | Killed a manticore
  8727 | D:9      | Noticed Joseph
  8734 | D:9      | Killed Joseph
  8735 | D:9      | Reached skill level 11 in Dodging
  8785 | D:9      | Reached ** piety under Qazlal
  8986 | D:9      | Found a hazy altar of Hepliaklqana.
  8986 | D:9      | Found a shadowy altar of Dithmenos.
  9086 | D:10     | Entered Level 10 of the Dungeon
  9207 | D:10     | Found a staircase to the Orcish Mines.
  9410 | D:10     | Found a staircase to the Lair.
 10017 | D:11     | Noticed a cyclops
 10029 | D:11     | Killed a cyclops
 10076 | D:11     | Noticed Erolcha
 10090 | D:11     | Killed Erolcha
 10148 | D:11     | Found a runed translucent door.
 10149 | D:11     | Noticed a sixfirhy
 10218 | D:11     | Reached XP level 12. HP: 76/78 MP: 0/0
 10243 | D:11     | Reached *** piety under Qazlal
 10244 | D:11     | Reached skill level 12 in Dodging
 10780 | D:12     | Found Ogumelu's Weapon Shoppe.
 10858 | D:12     | Found Ixesk's Book Emporium.
 10867 | D:12     | Found Faibai's Jewellery Boutique.
 10908 | D:12     | Bought the amulet of Okawaru's Condemnation {Acrobat Regen+
                  | Int+4} for 544 gold pieces
 10931 | D:12     | Found an opulent altar of Gozag.
 11162 | D:12     | Noticed a skeletal warrior
 11162 | D:12     | Noticed a skeletal warrior
 11162 | D:12     | Noticed a skeletal warrior
 11182 | D:12     | Noticed a skeletal warrior
 11184 | D:12     | Noticed a skeletal warrior
 11196 | D:12     | Mangled by a skeletal warrior

Illustrated notes

Levels and vault maps discovered:
D:1:      kennysheep_arrival_forest, layout_loops_ring, corner_web_ring
D:2:      minmay_angry_zag, layout_loops_corners, kennysheep_generic_room_2
D:3:      layout_rooms, mainiacjoe_overflow_brackets, minmay_misc_feat_ornament
D:4:      layout_cave_pools, serial_shops, shop, kennysheep_generic_room_16,
          uniq_pikel
D:5:      layout_loops_cross, minmay_temple_entry_enclosed_plants, uniq_edmund
D:6:      layout_gridville, mainiacjoe_overflow_cross_hatched,
          mainiacjoe_overflow_concentric_impassable, uniq_maggie,
          uniq_blork_the_orc, uniq_eustachio
D:7:      layout_basic, mainiacjoe_overflow_catwalk, mainiacjoe_overflow_paths,
          vehumet_altar_wand_db, uniq_jeremiah
D:8:      layout_basic, kennysheep_small_square, uniq_maurice
D:9:      layout_stronghold, riverfiend_overflow_shadow_ancestor, uniq_joseph,
          uniq_psyche
D:10:     layout_irregular_city, erik_lair_orcish_takeover, orc_0_dummy
D:11:     cheibrodos_shockbox, layout_cave_pods, uniq_erolcha
D:12:     layout_big_octagon, serial_shops, shop, nicolae_shop_real_fake_doors,
          shop, shop, nicolae_book_shop_shelving, nicolae_gozag_seed_capital
Temple:   nicolae_temple_great_sept

Skill      XL: |  1  2  3  4  5  6  7  8  9 10 11 12 |
---------------+-------------------------------------+-----
Spellcasting   | 4 5 6 7 8 |  8.0
Conjurations   | 4 5 6 7 8 |  8.0
Hexes          | 4 5 6 7 8 |  8.0
Summonings     | 4 5 6 7 8 |  8.0
Necromancy     | 4 5 6 7 8 |  8.0
Translocations | 4 5 6 7 8 |  8.0
Transmutations | 4 5 6 7 8 |  8.0
Fire Magic     | 4 5 6 7 8 |  8.0
Ice Magic      | 4 5 6 7 8 |  8.0
Air Magic      | 4 5 6 7 8 |  8.0
Earth Magic    | 4 5 6 7 8 |  8.0
Poison Magic   | 4 5 6 7 8 |  8.0
Stealth        | 2 4 5 7 8 9 |  9.5
Dodging        | 3 5 7 8 10 11 12 | 12.3
Fighting       | 1 3 4 |  4.3
Long Blades    | 1 3 4 |  4.0

Action                     |  1- 3 |  4- 6 |  7- 9 | 10-12 || total
---------------------------+-------+-------+-------+-------++-------
  Melee: Unarmed           |     2 |     5 |       |       ||     7
         Dagger            |       |       |     8 |     1 ||     9
         Long sword        |       |       |       |     1 ||     1
   Cast: Foxfire           |    98 |    85 |   186 |   330 ||   699
         Scorch            |       |    10 |    36 |    82 ||   128
         Flame Wave        |       |       |     3 |    22 ||    25
         Animate Armour    |       |       |     1 |       ||     1
         Leda's Liquefacti |       |       |       |     1 ||     1
    Use: Scroll            |       |     8 |    10 |    10 ||    28
         Potion            |       |       |       |     1 ||     1
   Stab: Sleeping          |       |       |       |     1 ||     1
 Armour: Robe              |     8 |    11 |    21 |    62 ||   102
  Dodge: Dodged            |    11 |    14 |     9 |   111 ||   145
  Block: Other             |       |       |       |    14 ||    14

Table legend: (Time is in decaauts)
 A = Elapsed time spent in this place.
 B = Non-inter-level travel time spent in this place.
 C = Inter-level travel time spent in this place.
 D = Time resting spent in this place.
 E = Time spent auto-exploring this place.
 F = Levels seen in this place.
 G = Mean time per level.
                   A        B        C        D        E       F      G
               +--------+--------+--------+--------+--------+-----+--------+
         Total |  11203 |  10843 |    360 |    502 |   8608 |  13 |  861.8 |
       Dungeon |  11201 |  10841 |    360 |    502 |   8608 |  12 |  933.4 |
        Temple |      1 |      1 |      0 |      0 |      0 |   1 |    1.0 |
               +--------+--------+--------+--------+--------+-----+--------+

Top non-repeatable levels by time:
     D:5: 1203 daAuts
     D:8: 1163 daAuts
     D:2: 1159 daAuts
     D:7: 1145 daAuts
     D:6: 1023 daAuts
     D:1: 920 daAuts
     D:9: 907 daAuts
    D:11: 891 daAuts
     D:4: 817 daAuts
    D:10: 815 daAuts
     D:3: 744 daAuts
    D:12: 409 daAuts
  Temple: 1 daAuts
